 Dungeon Crawl Stone Soup version 0.21-a0-404-g291f19a (webtiles) character file.

70 Madydog the Chopper (level 4, -2/61 HPs)
             Began as a Minotaur Berserker on Oct 25, 2017.
             Was a Follower of Trog.
             Slain by Robin
             ... wielding a +3 trident
              (5 damage)
             ... on level 2 of the Dungeon.
             The game lasted 00:04:37 (1413 turns).

Madydog the Chopper (Minotaur Berserker)            Turns: 1413, Time: 00:04:37

Health: -2/61      AC:  2    Str: 27    XL:     4   Next: 4%
Magic:  3/3        EV: 12    Int:  4    God:    Trog [*.....]
Gold:   91         SH:  0    Dex: 10    Spells: 3/3 levels left

rFire    . . .     SeeInvis .   a - +0 hand axe
rCold    . . .     Gourm    .   (no shield)
rNeg     . . .     Faith    .   b - +0 animal skin
rPois    .         Spirit   .   (helmet restricted)
rElec    .         Reflect  .   (no cloak)
rCorr    .         Harm     .   (no gloves)
MR       .....                  (no boots)
Stlth    ..........             (no amulet)
HPRegen  0.20/turn              (no ring)
MPRegen  0.08/turn              (no ring)

@: berserking, lethally poisoned (-2 -> -6), very quick
A: retaliatory headbutt, horns 2
a: Berserk, Burn Spellbooks, Renounce Religion


You were on level 2 of the Dungeon.
You worshipped Trog.
Trog was aware of your devotion.
You were very hungry.

You visited 1 branch of the dungeon, and saw 2 of its levels.

You collected 91 gold pieces.

Inventory:

Hand Weapons
 a - a +0 hand axe (weapon)
Armour
 b - a +0 animal skin (worn)
Jewellery
 l - an uncursed ring of see invisible {unknown}
Scrolls
 d - 2 scrolls of teleportation {unknown}
 h - 2 scrolls of enchant weapon {unknown}
 i - 4 scrolls of identify {unknown}
 j - 2 scrolls of fear {unknown}
 m - a scroll of fog {unknown}
 n - a scroll of blinking {unknown}
Potions
 e - a potion of resistance {unknown}
 g - a potion of heal wounds {unknown}
 k - 3 potions of flight {unknown}
Comestibles
 c - 3 bread rations
 f - 2 meat rations


   Skills:
 + Level 4.5 Fighting
 + Level 4.6 Axes
 + Level 2.6 Armour
 + Level 2.7 Dodging
 + Level 0.6 Stealth


You had 3 spell levels left.
You didn't know any spells.

Dungeon Overview and Level Annotations

Branches:
Dungeon (2/15)

Altars:
Ashenzari

Annotations:
D:2 Robin


Innate Abilities, Weirdness & Mutations

You reflexively headbutt those who attack you in melee.
You have a pair of horns on your head.


Message History

* * * LOW HITPOINT WARNING * * *
A red film seems to cover your vision as you go berserk!
You feel yourself moving faster!
You feel mighty!
You are feeling very hungry.
* * * LOW HITPOINT WARNING * * *
You feel sick. The adder bites you but does no damage.
Robin hits you from afar with an enchanted trident.
* * * LOW HITPOINT WARNING * * *
You slash the adder! Your headbutt misses the adder.
The adder is severely wounded.
The adder misses you.
You slash the adder!
You kill the adder!
Trog accepts your kill.
You have reached level 4!
You feel agile.
* * * LOW HITPOINT WARNING * * *
You feel sick.
Robin hits you from afar with an enchanted trident.
You die...

###(.#####..
#...........
#(#>######## #.#.#
#.#.# #.#.#######
#g#.......# ## #
#)#######.# #..
#@# #.# #.## # #.#
#.# #.##.#
#.#######.###.##..
#........#....#...
#########.###.....
#.......##
#####.### #.####
#.....


You could see Robin.

Vanquished Creatures
  3 adders (D:2)
  A dart slug (D:1)
  2 leopard geckos (D:1)
  A giant cockroach (D:1)
  10 goblins
  6 hobgoblins
  3 bats (D:1)
  A frilled lizard (D:1)
  3 kobolds
  8 rats
38 creatures vanquished.

Notes
Turn   | Place    | Note
-------+----------+-------------------------------------------
     0 | D:1      | Madydog the Minotaur Berserker began the quest for the Orb.
     0 | D:1      | Reached XP level 1. HP: 19/19 MP: 0/0
   362 | D:1      | Reached XP level 2. HP: 26/27 MP: 1/1
   716 | D:1      | Found a shattered altar of Ashenzari.
   997 | D:2      | Reached XP level 3. HP: 33/33 MP: 2/2
  1390 | D:2      | Noticed Robin
  1413 | D:2      | Reached XP level 4. HP: 3/41 MP: 3/3
  1413 | D:2      | HP: 3/61 [poisoned by an adder]
  1413 | D:2      | Slain by Robin

Vault maps used:
D:1:      tarquinn_simple_flora_water_e, evilmike_ruin_ashenzari
D:2:      uniq_robin

Skill      XL: |  1  2 |
---------------+-------+-----
Fighting       | 4 |  4.5
Axes           | 4 |  4.6
Armour         | |  2.6
Dodging        | |  2.7
Stealth        | |  0.6

Action                   |  1- 3 |  4- 6 || total
-------------------------+-------+-------++-------
Melee: Hand axe          |    83 |       ||    83
       Headbutt          |    14 |       ||    14
Invok: Berserk           |     1 |       ||     1
 Stab: Sleeping          |     3 |       ||     3
  Eat: Chunk             |     1 |       ||     1
Armor: Animal skin       |     9 |       ||     9
Dodge: Dodged            |    57 |       ||    57

Table legend:
 A = Spawn XP
 B = Non-spawn XP
 C = Spawn XP percentage of total XP
 D = Spawn monster count
 E = Non-spawn monster count
 F = Spawn count percentage of total count
 G = Total turns spent on level
                    A         B        C        D         E        F      G
               +---------+---------+-------+---------+---------+-------+---------
         Total |       0 |     101 |   0.0 |       0 |      38 |   0.0 |  1413
               +---------+---------+-------+---------+---------+-------+---------
           D:1 |       0 |      30 |   0.0 |       0 |      18 |   0.0 |   984
           D:2 |       0 |      71 |   0.0 |       0 |      20 |   0.0 |   429
               +---------+---------+-------+---------+---------+-------+---------
